 Dungeon Crawl Stone Soup version 0.27-a0-1302-g7736ffe575 (webtiles) character file.

Game seed: 18319834359152009605

179 Ijustatesigmund the Chopper (level 5, -12/41 HPs)
             Began as a Demonspawn Fighter on June 18, 2021.
             Mangled by an ogre (20 damage)
             ... on level 5 of the Dungeon.
             The game lasted 00:04:07 (4206 turns).

Ijustatesigmund the Chopper (Demonspawn Fighter)    Turns: 4206, Time: 00:04:08

Health: -12/41     AC:  8    Str: 16    XL:     5   Next: 33%
Magic:  5/5        EV:  6    Int:  9    God:
Gold:   220        SH:  8    Dex: 14    Spells: 4/4 levels left

rFire    . . .     SeeInvis .   a - +1 war axe
rCold    . . .     Faith    .   c - +0 kite shield
rNeg     . . .     Spirit   .   b - +0 scale mail
rPois    .         Reflect  .   (helmet restricted)
rElec    .         Harm     .   g - scarf {+Inv}
rCorr    .         Rampage  .   (no gloves)
Will     .....                  j - +0 pair of boots
Stlth    ..........             (no amulet)
HPRegen  0.13/turn              (no ring)
MPRegen  0.09/turn              (no ring)

@: no status effects
A: antennae 1, sharp scales 1
a: Evoke Invisibility


You were on level 5 of the Dungeon.
You visited 1 branch of the dungeon, and saw 5 of its levels.

You collected 220 gold pieces.

Inventory:

Hand Weapons
 a - a +1 war axe (weapon)
Missiles
 i - an atropa-tipped dart (quivered)
 q - 2 throwing nets
Armour
 b - a +0 scale mail (worn)
 c - a +0 kite shield (worn)
 g - a scarf of invisibility (worn)
 j - a +0 pair of boots (worn)
Wands
 r - a wand of polymorph (12)
Scrolls
 p - a scroll of teleportation {unknown}
Potions
 d - a potion of might
 e - 2 potions of berserk rage {unknown}
 f - a potion of resistance
 h - a potion of mutation {unknown}
 k - a potion of haste {unknown}
 l - a potion of brilliance {unknown}
 m - 2 potions of lignification
 n - a potion of curing {unknown}
 o - a potion of attraction {unknown}


   Skills:
 + Level 3.1 Fighting
 + Level 5.0 Axes
 - Level 2.6 Armour
 - Level 2.6 Shields


You had 4 spell levels left.
You didn't know any spells.
Your spell library was empty.

Dungeon Overview and Level Annotations

Branches:
Dungeon (5/15)             Temple (0/1) D:4

Altars:
Zin


Innate Abilities, Weirdness & Mutations

You have a pair of small antennae on your head.
You are partially covered in razor-sharp scales. (AC +1, Slay +1)


Message History

You open the door.
There is an open door here.
There is an open door here.
Done exploring.
Done exploring.
Done exploring.
(D) Dungeon (T) Temple
Where to? (Enter - D:4, ? - help)
There is a stone staircase leading down here.
You climb downwards.
You hear the sound of rushing water.
There is an entrance to a sewer on this level.
Hurry and find it before the portal rusts away!
An ogre comes into view. It is wielding a +0 giant club.
The ogre shouts!
Found 19 stones.
There is a stone staircase leading up here.
Throw: 2 darts (atropa)
Press: ? - help, Q - select action, (/) - cycle Shift-Dir - straight line, f - ogre
Aim: an ogre, wielding a +0 giant club (74% to hit, chance to blind on hit: 27%)
You throw an atropa-tipped dart. The atropa-tipped dart hits the ogre.
The ogre resists.
You hit the ogre.
The ogre is moderately wounded.
The ogre hits you with a +0 giant club.
You hit the ogre.
The ogre is heavily wounded.
The ogre hits you with a +0 giant club!
You are too injured to fight recklessly!
You are too injured to fight recklessly!
You are too injured to fight recklessly!
You are too injured to fight recklessly!
You are too injured to fight recklessly!
You hit the ogre.
The ogre is heavily wounded.
The ogre hits you with a +0 giant club!
* * * LOW HITPOINT WARNING * * *
You hit the ogre.
The ogre is severely wounded.
The ogre hits you with a +0 giant club!!
You die...

................
...............#
................
...............
.............#
.............#
....(......(#
.......<@O.#
..........##
...........#
........#.##
......###.#
....## ## ....
##.


You could see an ogre.

Vanquished Creatures
  An orc wizard (D:3)
  4 adders
  An ufetubus (D:4)
  An adder skeleton (D:4)
  A worm (D:2)
  2 dart slugs (D:2)
  3 orcs
  7 bats
  7 endoplasms
  17 giant cockroaches
  8 goblins
  11 hobgoblins
  2 jackals (D:1)
  4 quokkas
  6 ball pythons
  2 frilled lizards
  9 kobolds
  5 rats
91 creatures vanquished.

Notes
Turn   | Place    | Note
-------+----------+-------------------------------------------
     0 | D:1      | Ijustatesigmund the Demonspawn Fighter began the quest for
                  | the Orb.
     0 | D:1      | Reached XP level 1. HP: 18/18 MP: 1/1
    12 | D:1      | Reached skill level 2 in Axes
   132 | D:1      | Gained mutation: You have a pair of small antennae on your
                  | head. [demonic ancestry]
   132 | D:1      | Reached XP level 2. HP: 24/24 MP: 2/2
   480 | D:1      | HP: 1/36 [poisoned by a goblin]
   775 | D:1      | Reached skill level 3 in Axes
   812 | D:1      | Reached XP level 3. HP: 25/29 MP: 3/3
  1362 | D:2      | Found a faded altar of an unknown god.
  1745 | D:2      | Reached skill level 4 in Axes
  1745 | D:2      | Reached XP level 4. HP: 35/35 MP: 4/4
  2681 | D:3      | Gained mutation: You are partially covered in razor-sharp
                  | scales. (AC +1, Slay +1) [demonic ancestry]
  2681 | D:3      | Reached XP level 5. HP: 29/41 MP: 5/5
  3329 | D:4      | Found a staircase to the Ecumenical Temple.
  3544 | D:4      | Reached skill level 5 in Axes
  4200 | D:5      | Entered Level 5 of the Dungeon
  4200 | D:5      | Noticed an ogre
  4206 | D:5      | Mangled by an ogre

Illustrated notes

Levels and vault maps discovered:
D:1:      minmay_arrival_stair_chambers, layout_rooms,
          minmay_misc_feat_secret_circle
D:2:      layout_basic, shapermc_ecumenical_altar_notcrosses,
          minmay_misc_feat_encased
D:3:      minmay_roachtagon, layout_basic
D:4:      layout_basic, lemuel_round_altar, minmay_temple_entry_wispy,
          serial_corexii_hall, corexii_hall_statues_u, corexii_hall_statues_x,
          corexii_hall_statues_i, corexii_hall_statues_i,
          kennysheep_generic_room_15
D:5:      layout_layer_cave, gup_sewer_entry_bowl, hangedman_decor_riveting

Skill      XL: |  1  2  3  4  5 |
---------------+----------------+-----
Axes           | 2 3 4 5 |  5.0
Fighting       | |  3.1
Armour         | |  2.6
Shields        | |  2.6

Action                   |  1- 3 |  4- 6 || total
-------------------------+-------+-------++-------
Melee: War axe           |   106 |   111 ||   217
Throw: Dart              |       |     1 ||     1
  Use: Potion            |     2 |       ||     2
       Scroll            |     1 |     1 ||     2
Armor: Scale mail        |    71 |   104 ||   175
       Skin              |     5 |       ||     5
Dodge: Dodged            |    22 |    47 ||    69
Block: Kite shield       |    84 |    68 ||   152

Table legend: (Time is in decaauts)
 A = Elapsed time spent in this place.
 B = Non-inter-level travel time spent in this place.
 C = Inter-level travel time spent in this place.
 D = Time resting spent in this place.
 E = Time spent auto-exploring this place.
 F = Levels seen in this place.
 G = Mean time per level.
                   A        B        C        D        E       F      G
               +--------+--------+--------+--------+--------+-----+--------+
         Total |   4325 |   4178 |    147 |    368 |   3252 |   5 |  865.0 |
       Dungeon |   4325 |   4178 |    147 |    368 |   3252 |   5 |  865.0 |
               +--------+--------+--------+--------+--------+-----+--------+

Top non-repeatable levels by time:
     D:1: 1214 daAuts
     D:2: 1088 daAuts
     D:3: 1076 daAuts
     D:4: 938 daAuts
     D:5: 7 daAuts
